 Dungeon Crawl Stone Soup version 0.27.1-33-g824d729ab1 (webtiles) character file.

Game seed: 12279879329588036348

554 SensoryNuts the Cudgeller (level 7, -3/53 HPs)
             Began as a Demonspawn Gladiator on Dec 6, 2021.
             Was an Initiate of Ashenzari.
             Slain by a gnoll (6 damage)
             ... on level 4 of the Dungeon.
             The game lasted 00:10:50 (3999 turns).

SensoryNuts the Cudgeller (Demonspawn Gladiator)    Turns: 3999, Time: 00:10:51

Health: -3/53      AC:  5    Str: 16    XL:     7   Next: 8%
Magic:  7/7        EV: 12    Int: 10    God:    Ashenzari [......]
Gold:   194        SH:  0    Dex: 12    Spells: 6/6 levels left

rFire    + . .     SeeInvis .   v - +0 scythe
rCold    . . .     Faith    .   (shield currently unavailable)
rNeg     . . .     Spirit   .   b - +0 leather armour
rPois    +         Reflect  .   c - +0 helmet
rElec    .         Harm     .   (no cloak)
rCorr    .         Rampage  .   (no gloves)
Will     .....                  (no boots)
Stlth    +.........             (no amulet)
HPRegen  1.17/turn              g - ring of poison resistance
MPRegen  0.10/turn              (no ring)

@: no status effects
A: rugged brown scales 1, demonic guardian 1, powered by death 1, clumsy 1, fire
resistance 1, high mp 1, MP-powered wands
a: Renounce Religion, Curse Item


You were on level 4 of the Dungeon.
You worshipped Ashenzari.
Ashenzari was noncommittal.
You visited 1 branch of the dungeon, and saw 4 of its levels.

You collected 194 gold pieces.

Inventory:

Hand Weapons
 a - a +0 flail
 h - a +0 whip of venom
 j - a +0 whip
 k - a +0 club
 m - a +0 dagger
 o - a +0 dagger
 r - a +0 whip
 t - a +0 mace
 v - a +0 scythe (weapon)
 x - a +0 spear
 y - a +0 whip
 z - a +0 spear
 B - a +0 flail
 C - a +0 dagger
 E - a +0 dagger
 F - a +0 hunting sling
 G - a +0 dagger
 H - a +0 hunting sling
 I - a +0 club
 J - a +0 dagger
 K - a +0 giant club
 L - a +0 dagger
 N - a +0 trident
 O - a +0 rapier
 Q - a +0 flail
 R - a +0 halberd
 U - a +0 spear
 V - a +0 antimagic dagger
 W - a +1 antimagic short sword
 X - a +1 antimagic short sword
Missiles
 d - 4 throwing nets (quivered)
 i - 19 curare-tipped darts
Armour
 b - a +0 leather armour (worn)
 c - a +0 helmet (worn)
 u - a +0 leather armour
 w - a +0 robe
 D - a +0 robe
 S - a +0 cloak
 Y - a +0 leather armour
Jewellery
 g - a ring of poison resistance (left hand)
Scrolls
 e - a scroll of immolation
 f - a scroll of fear
 l - 2 scrolls of vulnerability
 n - 2 scrolls of blinking
 p - 2 scrolls of identify
 q - a scroll of enchant weapon
 s - a scroll of summoning
 A - a scroll of magic mapping
 M - a scroll of teleportation
Potions
 P - a potion of magic
 T - a potion of cancellation


   Skills:
 + Level 3.5 Fighting
 + Level 4.5 Maces & Flails
 + Level 2.8 Polearms
 + Level 1.8 Throwing
 + Level 2.7 Armour
 + Level 3.5 Dodging
 + Level 1.1 Stealth


You had 6 spell levels left.
You didn't know any spells.
Your spell library was empty.

Dungeon Overview and Level Annotations

Branches:
Dungeon (4/15)
 Temple: D:4-7

Altars:
Ashenzari
Dithmenos
Trog
Zin

Shops:
D:3 *

Portals:
Sewer: D:4


Innate Abilities, Weirdness & Mutations

You are partially covered in rugged brown scales. (AC +1, +3% HP)
A weak demonic guardian rushes to your aid.
You regenerate a little health from kills.
You are clumsy. (Dex -2)
Your flesh is heat resistant. (rF+)
You have an increased reservoir of magic. (+10% MP)
You expend magic power (3 MP) to strengthen your wands.


Message History

The gnoll barely misses you. The quokka closely misses you.
The quokka bites you but does no damage.
You see here a quokka corpse.
The quokka closely misses you. The quokka completely misses you.
You hit the quokka.
The quokka is severely wounded.
The gnoll closely misses you. The quokka barely misses you.
The gnoll misses you.
A gnoll comes into view. It is wielding a +0 spear.
The quokka bites you but does no damage.
You closely miss the quokka.
The quokka is severely wounded.
The gnoll shouts!
You hear a shout! x2
The gnoll hits you from afar with a +0 spear.
* * * LOW HITPOINT WARNING * * *
A demonic guardian appears!
The quokka misses you.
The gnoll hits you from afar with a +0 spear.
* * * LOW HITPOINT WARNING * * *
The quokka bites you.
* * * LOW HITPOINT WARNING * * *
You closely miss the quokka.
The quokka is severely wounded.
The quokka barely misses you.
The gnoll hits you from afar with a +0 spear.
* * * LOW HITPOINT WARNING * * *
Your white imp closely misses the quokka.
A gnoll comes into view. It is wielding a +1 whip of flaming.
The quokka bites you but does no damage.
The gnoll misses you. x2
Your magic is already full.
You slash the quokka!
You kill the quokka!
Your white imp gestures at the gnoll.
The puff of frost hits the gnoll!
The gnoll hits you but does no damage.
The gnoll closely misses your white imp.
Your white imp gestures at the gnoll.
The puff of frost hits the gnoll!
The gnoll dies!
The gnoll hits you from afar with a +0 spear.
You die...

##.#
......#.
#..#
........
##.##
.......#
#..#
####..
####.##
#.#
#....#
#.
##.).##
#.
##†5gg#
#.@†#.#
#≈≈≈#.#
#≈≈≈#..
#≈≈≈#..#
#≈≈≈#..#
#≈∩≈#.g.
#≈≈≈#.#)
#≈≈≈#


You could see 2 gnolls and a friendly white imp (summoned).

Vanquished Creatures
  The ghost of unlimited1921 the Firebug, an amateur OgFE (D:3)
  Sigmund (D:2)
  Jessica (D:2)
  Robin (D:3)
  A gnoll (D:4)
  A dart slug (D:1)
  3 ball pythons
  9 endoplasms
  4 giant cockroaches
  17 goblins
  5 hobgoblins
  3 jackals (D:1)
  3 kobolds
  4 quokkas
  5 bats
  A frilled lizard (D:2)
  4 rats
64 creatures vanquished.

Vanquished Creatures (collateral kills)
  An ogre (D:3)
  4 gnolls (D:4)
  A hobgoblin (D:3)
6 creatures vanquished.

Grand Total: 70 creatures vanquished

Notes
Turn   | Place    | Note
-------+----------+-------------------------------------------
     0 | D:1      | SensoryNuts the Demonspawn Gladiator began the quest for
                  | the Orb.
     0 | D:1      | Reached XP level 1. HP: 16/16 MP: 1/1
   245 | D:1      | Gained mutation: You are partially covered in rugged brown
                  | scales. (AC +1, +3% HP) [demonic ancestry]
   245 | D:1      | Reached XP level 2. HP: 16/22 MP: 2/2
   370 | D:1      | Reached skill level 3 in Maces & Flails
   547 | D:1      | Found a faded altar of an unknown god.
   565 | D:1      | Became a worshipper of Ashenzari the Shackled
  1248 | D:1      | Gained mutation: You regenerate a little health from kills.
                  | [demonic ancestry]
  1248 | D:1      | Reached XP level 3. HP: 27/27 MP: 3/3
  1617 | D:2      | Noticed Sigmund
  1636 | D:2      | Killed Sigmund
  1637 | D:2      | Reached skill level 4 in Maces & Flails
  1637 | D:2      | Reached skill level 1 in Armour
  1637 | D:2      | Gained mutation: A weak demonic guardian rushes to your
                  | aid. [demonic ancestry]
  1637 | D:2      | Reached XP level 4. HP: 21/35 MP: 4/4
  1637 | D:2      | Reached XP level 5. HP: 24/41 MP: 5/5
  2016 | D:2      | Noticed Jessica
  2019 | D:2      | Killed Jessica
  2187 | D:3      | Found a shadowy altar of Dithmenos.
  2214 | D:3      | Noticed Robin
  2225 | D:3      | Killed Robin
  2383 | D:3      | Noticed an ogre
  2391 | D:3      | Killed an ogre
  2392 | D:3      | Reached skill level 1 in Polearms
  2392 | D:3      | Reached XP level 6. HP: 8/48 MP: 6/6
  2679 | D:3      | Found Zin's Purification Station.
  2838 | D:3      | Found a runed translucent door.
  2838 | D:3      | Noticed unlimited1921's ghost (amateur OgFE)
  2867 | D:3      | Killed unlimited1921's ghost
  2868 | D:3      | Reached skill level 1 in Stealth
  3299 | D:3      | Found a bloodstained altar of Trog.
  3307 | D:3      | Reached XP level 7. HP: 53/53 MP: 7/7
  3607 | D:4      | Gained mutation: You have an increased reservoir of magic.
                  | (+10% MP) [potion of mutation]
  3607 | D:4      | Gained mutation: You have sharp toenails. [potion of
                  | mutation]
  3621 | D:4      | HP: 2/79 [gnoll (4)]
  3623 | D:4      | Lost mutation: You have sharp toenails. [potion of
                  | mutation]
  3623 | D:4      | Gained mutation: Your mind is acute. (Int +2) [potion of
                  | mutation]
  3623 | D:4      | Gained mutation: You have sharp toenails. [potion of
                  | mutation]
  3623 | D:4      | Gained mutation: You are covered in fur. (AC +1) [potion of
                  | mutation]
  3624 | D:4      | Lost mutation: Your mind is acute. (Int +2) [potion of
                  | mutation]
  3624 | D:4      | Lost mutation: You are covered in fur. (AC +1) [potion of
                  | mutation]
  3624 | D:4      | Gained mutation: You expend magic power (3 MP) to
                  | strengthen your wands. [potion of mutation]
  3624 | D:4      | Lost mutation: You have sharp toenails. [potion of
                  | mutation]
  3624 | D:4      | Gained mutation: You are clumsy. (Dex -2) [potion of
                  | mutation]
  3624 | D:4      | Gained mutation: Your flesh is heat resistant. (rF+)
                  | [potion of mutation]
  3980 | D:4      | Found a glowing drain.
  3998 | D:4      | HP: 1/53 [gnoll (6)]
  3999 | D:4      | Slain by a gnoll

Illustrated notes

Levels and vault maps discovered:
D:1:      psy_arrival_spokes, layout_basic, hellmonk_ecumenical_altar_dog_temple
D:2:      layout_loops_ring, kennysheep_doodads, uniq_jessica, uniq_sigmund
D:3:      layout_loops_ring, nicolae_dithmenos_through_a_glass_darkly,
          zin_purify, trog_antimagical, hellmonk_ghost_happy_afterlife,
          eino_tiny_chamber, uniq_robin
D:4:      layout_rooms, mainiacjoe_overflow_boulevard, lemuel_tele_altar,
          portal_sewer_entry_f

Skill      XL: |  1  2  3  4  5  6 |
---------------+-------------------+-----
Maces & Flails | 3 4 |  4.5
Armour         | 1 2 |  2.7
Dodging        | 3 |  3.5
Fighting       | 3 |  3.5
Polearms       | 1 2 |  2.8
Stealth        | 1 |  1.1
Throwing       | |  1.8

Action                   |  1- 3 |  4- 6 |  7- 9 || total
-------------------------+-------+-------+-------++-------
Melee: Flail             |    77 |       |       ||    77
       Scythe            |       |    68 |    32 ||   100
       Kick              |       |       |     1 ||     1
  Use: Potion            |     1 |     2 |     7 ||    10
 Stab: Sleeping          |     1 |     1 |     1 ||     3
Armor: Leather armour    |    35 |    52 |    13 ||   100
       Skin              |       |       |     8 ||     8
Dodge: Dodged            |    77 |    89 |    72 ||   238
